 Dungeon Crawl Stone Soup version 0.28-a0-401-ge240ad9e29 (webtiles) character file.

Game seed: 13817761180723259663

21 SkeletonJelly the Slasher (level 3, -2/30 HPs)
             Began as a Djinni Cinder Acolyte on Sept 5, 2021.
             Was a High Priest of Ignis.
             Killed from afar by an orc wizard (7 damage)
             ... with a magic dart
             ... on level 1 of the Dungeon.
             The game lasted 00:01:57 (1425 turns).

SkeletonJelly the Slasher (Djinni Cinder Acolyte)   Turns: 1425, Time: 00:01:57

Health: -2/30      AC:  2    Str: 13    XL:     3   Next: 2%
Gold:   47         EV: 11    Int: 16    God:    Ignis [*****.] SH:  0 Dex:  8

rFire   + + +      SeeInvis .   a - -1 falchion (flame)
rCold   x . .      Faith    .   (no shield)
rNeg    . . .      Spirit   .   b - +0 robe
rPois   ∞          Reflect  .   (no helmet)
rElec   .          Harm     .   (no cloak)
rCorr   .          Rampage  .   (no gloves)
Will    .....                   (boots unavailable)
Stlth   +.........              (no amulet)
HPRegen 0.10/turn               (no ring)
MPRegen 0.00/turn               (no ring)

@: flying
A: sickness immunity, fire resistance 2, cold vulnerability 1, float, innate
caster, hp casting, extra vitality 1
a: Renounce Religion, Sea of Fire, Foxfire Swarm, Rising Flame


You were on level 1 of the Dungeon.
You worshipped Ignis.
Ignis was extremely pleased with you.
You visited 1 branch of the dungeon, and saw 2 of its levels.

You collected 47 gold pieces.

Inventory:

Hand Weapons
 a - a -1 falchion of flaming (weapon)
Missiles
 f - 12 poisoned darts
Armour
 b - a +0 robe (worn)
Scrolls
 d - a scroll of enchant weapon {unknown}
 e - 5 scrolls of identify {unknown}
Potions
 c - a potion of might {unknown}
 g - a potion of heal wounds {unknown}
 h - a potion of curing {unknown}


   Skills:
 - Level 3.0 Fighting
 + Level 3.6 Long Blades
 - Level 2.4 Spellcasting


You had 3 spell levels left.
You knew the following spells:

 Your Spells              Type           Power      Damage    Failure   Level
a - Scorch                Fire           18%        2d5       11%         2
b - Foxfire               Conj/Fire      36%        2x1d5     8%          1
Your spell library was empty.

Dungeon Overview and Level Annotations

Branches:
Dungeon (2/15)

Altars:


Innate Abilities, Weirdness & Mutations

You are immune to sickness and miasma.
You are immune to poison.
Your flesh is very heat resistant. (rF++)
You are vulnerable to cold. (rC-)
You float through the air rather than walking.
You learn spells naturally, not from books.
Your magical power is your life essence.
You have superior vitality. (+4 HP)


Message History

A ball python comes into view.
The ball python hisses angrily.
The orc wizard mumbles some strange words.
The orc wizard flickers and vanishes!
Deactivating autopickup; reactivate with Ctrl-A.
Your magical contamination has completely faded away.
There is a stone staircase leading up here.
The orc barely misses you.
You fly upwards.
Reactivating autopickup.
There is a stone staircase leading down here.
You hit the orc but do no damage. The orc hits you with a +0 club.
You take 3 damage, and have 20/25 hp.
You barely miss the orc. The orc closely misses you.
You hit the orc but do no damage. The orc hits you with a +0 club.
You take 2 damage, and have 19/25 hp.
You hit the orc but do no damage. The orc barely misses you.
You barely miss the orc. The orc hits you with a +0 club.
You take 4 damage, and have 15/25 hp.
You hit the orc. You burn the orc.
The orc is severely wounded.
The orc hits you with a +0 club.
You take 5 damage, and have 10/25 hp.
You are too injured to fight recklessly!
You are too injured to fight recklessly!
You are too injured to fight recklessly!
You are too injured to fight recklessly!
You are too injured to fight recklessly!
You hit the orc but do no damage.
The orc is severely wounded.
The orc hits you but does no damage.
You barely miss the orc.
The orc is severely wounded.
The orc hits you but does no damage. The orc barely misses you.
You closely miss the orc.
The orc is severely wounded.
The orc barely misses you.
You barely miss the orc.
The orc is severely wounded.
The orc hits you with a +0 club.
You take 2 damage, and have 8/25 hp.
You closely miss the orc.
The orc is severely wounded.
The orc hits you with a +0 club.
* * * LOW HITPOINT WARNING * * *
You take 1 damage, and have 7/25 hp.
You hit the orc. You burn the orc.
You kill the orc!
You have reached level 3!
Your experience leads to an increase in your attributes!
Increase (S)trength, (I)ntelligence, or (D)exterity?
You feel clever.
The power to cast Foxfire wells up from within.
Spell assigned to 'b'.
You regained 2 hp, and now have 9/30 hp.
HP restored.
Done exploring.
Health restored: 30 You fly downwards.
The ball python completely misses you. The ball python grabs you.
The ball python constricts you. The ball python closely misses you.
The ball python constricts you. The orc wizard casts a spell at you.
The puff of flame hits you. You resist.
There is a stone staircase leading up here.
You take 2 damage, and have 28/30 hp.
You escape the ball python's grasp.
The ball python bites you. The ball python grabs you.
You stop ascending the stairs.
The ball python constricts you.
You take 1 damage, and have 27/30 hp.
You escape the ball python's grasp.
The orc wizard hits you with a +0 dagger.
The orc priest invokes the aid of Beogh against you.
Beogh smites you!
Ouch! That really hurt!
You fly upwards.
There is a stone staircase leading down here.
You take 17 damage, and have 10/30 hp.
MASSIVE DAMAGE!!
You are too injured to fight recklessly!
Okay, then.
Flames leap up around you! The ball python bites you.
* * * LOW HITPOINT WARNING * * *
The ball python closely misses you.
The orc wizard points at you and mumbles some strange words.
You resist with some effort. The ball python barely misses you.
The ball python closely misses you.
You take 3 damage, and have 7/30 hp.
You closely miss the orc wizard.
The foxfire hits the ball python.
You kill the ball python!
The foxfire hits the orc wizard.
The orc wizard is moderately wounded.
The orc wizard hits you but does no damage.
Casting: Scorch (safe; 11% risk of failure)
Confirm with . or Enter, or press ? or * to list all spells.
Flames lash the orc wizard.
The orc wizard is heavily wounded.
The orc wizard's fire resistance burns away.
* * * LOW HITPOINT WARNING * * *
The orc wizard casts a spell at you. The magic dart hits you!
You die...

##### #.#.# #...# #.#.#
#.#.# #####.#.#
..(##.#.######
.8.##........#########
'#.............o@....#
.#......####.#######.#
.###.........# #)#
..8#.###############.#
_..#.......#.........###
..8#.#####.#.#######...#
.###....†..#.# #.#.#
.#...#######.# #.#.#
'#...# #[# #.#.#


You could see an orc wizard (inflammable).

Vanquished Creatures
  A dart slug (D:1)
  An orc (D:1)
  2 bats
  2 goblins
  A hobgoblin (D:2)
  5 ball pythons
  3 kobolds
  3 rats
18 creatures vanquished.

Vanquished Creatures (others)
  2 foxfires (D:1)
2 creatures vanquished.

Grand Total: 20 creatures vanquished

Notes
Turn   | Place    | Note
-------+----------+-------------------------------------------
     0 | D:1      | SkeletonJelly the Djinni Cinder Acolyte began the quest for
                  | the Orb.
     0 | D:1      | Reached XP level 1. HP: 20/20 MP: 0/0
   370 | D:1      | Reached XP level 2. HP: 24/25 MP: 0/0
   534 | D:1      | Found a faded altar of an unknown god.
  1213 | D:1      | Reached XP level 3. HP: 9/30 MP: 0/0
  1213 | D:1      | Learned a level 1 spell: Foxfire
  1425 | D:1      | Killed from afar by an orc wizard

Illustrated notes

Levels and vault maps discovered:
D:1:      lemuel_arrival_room, layout_basic,
          dreamdust_ecumenical_altar_angels_and_demons, minmay_misc_feat_x
D:2:      minmay_skewed_foursquare, layout_loops_ring,
          kennysheep_generic_room_11, uniq_crazy_yiuf_cottage

Skill      XL: |  1 |
---------------+----+-----
Long Blades    | 3 |  3.6
Fighting       | |  3.0
Spellcasting   | |  2.4

Action                   || total
-------------------------++-------
Melee: Falchion          ||    45
 Cast: Scorch            ||     3
Invok: Foxfire Swarm     ||     1
Armor: Robe              ||    14
Dodge: Dodged            ||    28

Table legend: (Time is in decaauts)
 A = Elapsed time spent in this place.
 B = Non-inter-level travel time spent in this place.
 C = Inter-level travel time spent in this place.
 D = Time resting spent in this place.
 E = Time spent auto-exploring this place.
 F = Levels seen in this place.
 G = Mean time per level.
                   A        B        C        D        E       F      G
               +--------+--------+--------+--------+--------+-----+--------+
         Total |   1432 |   1417 |     15 |      0 |   1269 |   2 |  716.0 |
       Dungeon |   1432 |   1417 |     15 |      0 |   1269 |   2 |  716.0 |
               +--------+--------+--------+--------+--------+-----+--------+

Top non-repeatable levels by time:
     D:1: 1072 daAuts
     D:2: 359 daAuts
